 Dungeon Crawl Stone Soup version 0.23.0-3-gf3c87f2 (webtiles) character file.

Game seed: 10091220779007005109

191 Kairos the Chopper (level 5, -2/39 (42) HPs)
             Began as a Ghoul Warper on Feb 20, 2019.
             Slain by an orc
             ... wielding a +0 club
              (3 damage)
             ... on level 3 of the Dungeon.
             The game lasted 00:03:28 (3182 turns).

Kairos the Chopper (Ghoul Warper)                   Turns: 3182, Time: 00:03:29

HP:   -2/39 (42)    AC:  8    Str: 16    XL:     5   Next: 70%
MP:   7/7           EV: 10    Int:  8    God:
Gold: 166           SH:  0    Dex:  8    Spells: 8/8 levels left

rFire    . . .     SeeInvis .   a - +0 hand axe
rCold    + . .     Gourm    .   (no shield)
rNeg     + + +     Faith    .   k - +0 scale mail
rPois    ∞         Spirit   .   (no helmet)
rElec    .         Reflect  .   l - -1 cloak (curse)
rCorr    .         Harm     .   (no gloves)
MR       .....                  o - +0 pair of boots
Stlth    +.........             (no amulet)
HPRegen  0.00/turn              i - ring of stealth
MPRegen  0.10/turn              (no ring)

@: rotting
A: rotting body, claws 1, carnivore, cold resistance 1, negative energy
resistance 3, inhibited regeneration, torment resistance, unbreathing
a: no special abilities


You were on level 3 of the Dungeon.
You were not hungry.

You visited 1 branch of the dungeon, and saw 3 of its levels.

You collected 166 gold pieces.

Inventory:

Hand Weapons
 a - a +0 hand axe (weapon)
Missiles
 e - a tomahawk of dispersal (quivered)
Armour
 k - a +0 scale mail (worn)
 l - a cursed -1 cloak (worn)
 o - a +0 pair of boots (worn)
Jewellery
 i - a ring of stealth (left claw)
Scrolls
 b - a scroll of enchant weapon {unknown}
 c - 6 scrolls of remove curse {unknown}
 d - a scroll of blinking
 j - 3 scrolls of identify {unknown}
 n - 2 scrolls of magic mapping {unknown}
 p - a scroll of random uselessness {unknown}
Potions
 g - 2 potions of curing {unknown}
 h - 2 potions of flight {unknown}
 m - 2 potions of might {unknown}
Comestibles
 f - 7 rations


   Skills:
 + Level 2.6 Fighting
 + Level 3.4 Axes
 + Level 1.0 Throwing
 + Level 2.8 Armour
 + Level 2.5 Dodging
 + Level 0.3 Stealth
 + Level 2.0 Spellcasting
   Level 2.6 Translocations


You had 8 spell levels left.
You didn't know any spells.
Your spell library contained the following spells:

 Spells                   Type           Power        Failure   Level  Hunger
 Blink                    Tloc           N/A          54%         2    ###....
 Shroud of Golubria       Chrm/Tloc      #.........   73%         2    ###....
 Gell's Gravitas          Tloc           #.........   77%         3    ####...
 Lesser Beckoning         Tloc           #.........   77%         3    ####...
 Teleport Other           Tloc           #.......     77%         3    ####...
 Passage of Golubria      Tloc           N/A          99%         4    #####..


Dungeon Overview and Level Annotations

Branches:
Dungeon (3/15)

Altars:


Innate Abilities, Weirdness & Mutations

Your body is rotting away.
You thrive on raw meat.
You are immune to poison.
You have sharp fingernails.
You are carnivorous and can eat meat at any time.
Your flesh is cold resistant. (rC+)
You are immune to negative energy. (rN+++)
You do not regenerate when monsters are visible.
You are immune to unholy pain and torment.
You can survive without breathing.


Message History

You kill the orc priest!
Your Throwing skill increases to level 1!
You hit the orc. x2; The orc hits you but does no damage.
The orc hits you with a +0 club.
You miss something.
Your scale mail prevents you from hitting the orc.
You hit the orc but do no damage. Something hits you but does no damage.
The orc hits you with a +0 hand axe.
* * * LOW HITPOINT WARNING * * *
The orc hits you but does no damage. x2
You hear some strange, mumbled words.
A magic dart appears from out of thin air!
The magic dart hits you!
* * * LOW HITPOINT WARNING * * *
You barely miss the orc.
The orc is moderately wounded.
You hit the orc but do no damage. You closely miss something.
You barely miss the orc. The orc hits you but does no damage.
The orc hits you with a +0 club.
You die...

#.........#####..#
#.....##.######..#
##....##.........####.
#..#.##.#####....[...
#..#.................
.....###.####....####.#
## #.....#.....### #
#.....o....[....
.....ro@........
#.....o).....###
#.$.........##
#..........##
........#### #.......#
#.......# #.......#


You could see 3 orcs and a rat.

Vanquished Creatures
  A bullfrog (D:3)
  An orc priest (D:3)
  2 adders
  An ooze (D:1)
  3 worms
  4 dart slugs (D:1)
  2 leopard geckos (D:2)
  An orc (D:3)
  5 bats
  2 giant cockroaches
  6 goblins
  11 hobgoblins
  4 jackals (D:1)
  4 frilled lizards
  7 kobolds
  7 rats
61 creatures vanquished.

Notes
Turn   | Place    | Note
-------+----------+-------------------------------------------
     0 | D:1      | Kairos the Ghoul Warper began the quest for the Orb.
     0 | D:1      | Reached XP level 1. HP: 17/17 MP: 2/2
   157 | D:1      | Reached skill level 1 in Armour
   288 | D:1      | Reached skill level 2 in Axes
   288 | D:1      | Reached XP level 2. HP: 22/22 MP: 3/3
   525 | D:1      | Reached XP level 3. HP: 21/27 MP: 5/5
  1489 | D:2      | Reached XP level 4. HP: 5/32 MP: 6/6
  1768 | D:2      | Reached skill level 3 in Axes
  2824 | D:3      | Noticed a bullfrog
  2840 | D:3      | Killed a bullfrog
  2840 | D:3      | Reached XP level 5. HP: 9/41 MP: 7/7
  3180 | D:3      | Reached skill level 1 in Throwing
  3181 | D:3      | HP: 1/39 [something/magic dart (9)]
  3182 | D:3      | Slain by an orc

Skill      XL: |  1  2  3  4  5 |
---------------+----------------+-----
Armour         | 1 2 |  2.8
Axes           | 2 3 |  3.4
Spellcasting   | 2 |  2.0
Dodging        | 2 |  2.5
Throwing       | 1 |  1.0
Fighting       | |  2.6
Stealth        | |  0.3
Translocations | |  2.6

Action                   |  1- 3 |  4- 6 || total
-------------------------+-------+-------++-------
Melee: Hand axe          |   166 |   125 ||   291
Throw: Tomahawk          |       |     4 ||     4
 Stab: Sleeping          |     1 |       ||     1
  Eat: Chunk             |     3 |     6 ||     9
Armor: Leather armour    |     4 |       ||     4
       Ring mail         |    12 |       ||    12
       Scale mail        |    65 |    45 ||   110
Dodge: Dodged            |   105 |    56 ||   161
